 Dungeon Crawl Stone Soup version 0.30-a0-652-gcc886f7154 (webtiles) character file.

Game seed: 7767948857136974599

39 wormed the Grasshopper (level 3, -1/25 HPs)
             Began as an Octopode Warper on Jan 18, 2023.
             Slain by a quokka (4 damage)
             ... on level 2 of the Dungeon.
             The game lasted 00:01:35 (1116 turns).

wormed the Grasshopper (Octopode Warper)            Turns: 1116, Time: 00:01:36

Health: -1/25      AC:  1    Str: 10    XL:     3   Next: 45%
Magic:  6/6        EV: 13    Int: 17    God:
Gold:   31         SH:  0    Dex: 11    Spells: 4/6 levels left

rFire   . . .      SeeInvis .      - Unarmed
rCold   . . .      Faith    .    (no shield)
rNeg    . . .      Spirit   .    (helmet restricted)
rPois   .          Reflect  .    (no amulet)
rElec   .          Harm     .    (no ring)
rCorr   .          Rampage  .    (no ring)
Will    .....                    (no ring)
Stlth   ++                       (no ring)
HPRegen 0.24/turn                (no ring)
MPRegen 0.10/turn                (no ring)
                                 (no ring)
                                 (no ring)

@: no status effects
A: almost no armour, amphibious, 8 rings, camouflage 1, gelatinous body 1,
(nimble swimmer 1), tentacles
a: no special abilities


You were on level 2 of the Dungeon.
You visited 1 branch of the dungeon, and saw 2 of its levels.

You collected 31 gold pieces.

Inventory:

Missiles
 b - 4 boomerangs of dispersal (quivered)
Scrolls
 a - a scroll of blinking
Potions
 e - a potion of berserk rage {unknown}
 f - a potion of mutation
 j - a potion of attraction {unknown}


   Skills:
 + Level 2.4 Fighting
 - Level 1.0 Throwing
 + Level 2.8 Dodging
 + Level 2.5 Unarmed Combat
 + Level 2.4 Spellcasting
 - Level 3.0 Translocations


You had 4 spell levels left.
You knew the following spells:

 Your Spells              Type           Power      Damage    Failure   Level
a - Blink                 Tloc           24%        N/A       9%          2

Your spell library contained the following spells:

 Spells                   Type           Power      Damage    Failure   Level
 Lesser Beckoning         Tloc           24%        N/A       9%          2
 Teleport Other           Tloc           12%        N/A       16%         3
 Vhi's Electric Charge    Tloc/Air       14%        N/A       30%         3
 Manifold Assault         Tloc           12%        N/A       47%         4


Dungeon Overview and Level Annotations

Branches:
Dungeon (2/15)

Altars:


Innate Abilities, Weirdness & Mutations

You cannot wear most types of armour.
You are amphibious.
You can wear up to eight rings at the same time.
Your skin changes colour to match your surroundings (Stealth+).
Your rubbery body absorbs attacks. (AC +1, EV +1)
((You are camouflaged when in or above water. (Stealth+)))
You have tentacles for arms and can constrict up to eight enemies at once.


Message History

You constrict the quokka, but do no damage.
The quokka closely misses you.
You tentacle-slap the quokka. Your grab misses the quokka.
The quokka is heavily wounded.
You constrict the quokka. The quokka bites you. The quokka barely misses you.
Throw: throwing net
Press: ? - help, Q - select action, (/) - cycle Shift-Dir - straight line, f - quokka
Aim: a quokka (moderately wounded, constricted by you, 80% to hit)
You throw a throwing net.
The throwing net barely misses the quokka.
You constrict the quokka, but do no damage.
The quokka bites you. The quokka closely misses you.
Throw: 7 boomerangs (disperse)
Press: ? - help, Q - select action, (/) - cycle Shift-Dir - straight line, f/p - quokka
Aim: a quokka (moderately wounded, constricted by you, 80% to hit)
You throw a boomerang of dispersal.
The boomerang of dispersal completely misses the quokka.
You constrict the quokka. The quokka barely misses you. The quokka misses you.
The quokka bites you.
* * * LOW HITPOINT WARNING * * *
The quokka bites you.
* * * LOW HITPOINT WARNING * * *
Blink to where?
Press: ? - help, Dir - move target, p - quokka You lose your grip on the quokka.
As you read the scroll of blinking, it crumbles to dust.
Throw: 6 boomerangs (disperse)
Press: ? - help, Q - select action, (/) - cycle Shift-Dir - straight line, f - quokka
Aim: a quokka (moderately wounded, 43% to hit)
You throw a boomerang of dispersal.
The boomerang of dispersal closely misses the quokka.
Throw: 5 boomerangs (disperse)
Press: ? - help, Q - select action, (/) - cycle Shift-Dir - straight line, f/p - quokka
Aim: a quokka (moderately wounded, 43% to hit)
You throw a boomerang of dispersal.
The boomerang of dispersal barely misses the quokka.
The quokka bites you.
* * * LOW HITPOINT WARNING * * *
The quokka bites you.
You die...

##...####....##....
#.............#.#..
......######....#.#
.#...<.##.....# .#.
.....#.#..###.###.#.
####.#...## #...#.#.#
#.#...# ###.#.#.. ###
....#..# #...##.##..
#..####.# #.@## ..#.#
##. ..# ##r####.#.# .
#.#####r...r...# .#
..#.......##.## ..
........#.##..###
....#####...#..r######.
..#. ###.)##........ .
# ##.###......#
#..##....###


You could see 2 quokkas.

Vanquished Creatures
  3 dart slugs
  3 endoplasms (D:1)
  2 giant cockroaches (D:1)
  4 goblins
  3 hobgoblins
  4 quokkas (D:1)
  2 ball pythons
  A frilled lizard (D:1)
  3 kobolds (D:1)
  4 rats (D:1)
29 creatures vanquished.

Notes
Turn   | Place    | Note
-------+----------+-------------------------------------------
     0 | D:1      | wormed the Octopode Warper began the quest for the Orb.
     0 | D:1      | Reached XP level 1. HP: 14/14 MP: 3/3
   124 | D:1      | Reached XP level 2. HP: 17/19 MP: 5/5
   370 | D:1      | Reached XP level 3. HP: 17/25 MP: 6/6
   843 | D:1      | Learned a level 2 spell: Blink
  1116 | D:2      | Slain by a quokka

Illustrated notes

Levels and vault maps discovered:
D:1:      elethiomel_arrival_infinity_welcomes_careful_drivers,
          layout_loops_ring
D:2:      layout_rooms

Action                   || total
-------------------------++-------
Melee: Unarmed           ||    65
       Tentacles         ||    15
       Constrict         ||    19
       Punch             ||     2
Throw: Boomerang         ||     3
       Throwing net      ||     1
  Use: Scroll            ||     8
 Stab: Sleeping          ||    11
Armor: Skin              ||     2
Dodge: Dodged            ||    34

Table legend: (Time is in decaauts)
 A = Elapsed time spent in this place.
 B = Non-inter-level travel time spent in this place.
 C = Inter-level travel time spent in this place.
 D = Time resting spent in this place.
 E = Time spent auto-exploring this place.
 F = Levels seen in this place.
 G = Mean time per level.
                   A        B        C        D        E       F      G
               +--------+--------+--------+--------+--------+-----+--------+
         Total |   1113 |   1101 |     12 |    140 |    723 |   2 |  556.5 |
       Dungeon |   1113 |   1101 |     12 |    140 |    723 |   2 |  556.5 |
               +--------+--------+--------+--------+--------+-----+--------+

Top non-repeatable levels by time:
     D:1: 993 daAuts
     D:2: 119 daAuts
